TOP OF THE 1ST |
Kentucky Wildcats batting - Pitching for Arizona Wildcats : RHP Jim Smith
|
Pitching: RHP Jim Smith
|
|
Batting: RHB Lewis Childress
|
0-0: Ball 1-0: Ground out 1-3 (Groundball, 13S)
|
Batting: SHB Steve Shaw
|
0-0: Foul Ball, location: 2F 0-1: SINGLE (Flyball, 78S)
|
Batting: LHB César Rodríguez
|
0-0: Called Strike 0-1: Foul Ball, location: 2F 0-2: Ball 1-2: Strikes out swinging
|
Batting: LHB Mark Sanders
|
0-0: Called Strike 0-1: Ball 1-1: Foul Ball, location: 2F 1-2: Ball 2-2: Strikes out looking
|
Top of the 1st over - 0 run(s), 1 hit(s), 0 error(s), 1 left on base; Kentucky 0 - Arizona 0 |
BOTTOM OF THE 1ST |
Arizona Wildcats batting - Pitching for Kentucky Wildcats : RHP William Lockhard
|
Pitching: RHP William Lockhard
|
|
Batting: RHB Jesús Ortíz
|
0-0: Called Strike 0-1: Ball 1-1: Foul Ball, location: 2F 1-2: Ball 2-2: SINGLE (Flyball, 8RS)
|
Batting: RHB Donald Fenner
|
0-0: Ball 1-0: Foul Ball, location: 2F 1-1: SINGLE (Flyball, 8RS) Jesús Ortíz to second Runner from 2nd tries for 3rd, SAFE, no throw
|
Batting: RHB Arnold Flint
|
0-0: Ball 1-0: Called Strike 1-1: Foul Ball, location: 2F 1-2: Ball 2-2: Ball 3-2: 3-RUN HOME RUN (Flyball, 8LXD), Distance : 395 ft
|
Batting: RHB Jake Lawrence
|
0-0: Ball 1-0: Ball 2-0: SINGLE (Line Drive, 7LS)
|
Batting: RHB Jon Hartley
|
0-0: Called Strike 0-1: Called Strike 0-2: Strikes out swinging
|
Batting: RHB Juan Navarro
|
0-0: Foul Ball, location: 2F 0-1: Called Strike 0-2: Ball 1-2: Strikes out swinging
|
Batting: RHB Lúcio Pagán
|
0-0: Ball 1-0: Ball 2-0: DOUBLE (Flyball, 78XD) Jake Lawrence to third Runner from 3rd tries for Home, SAFE, no throw
|
Batting: RHB Dean Oglethorpe
|
0-0: Ball 1-0: Swinging Strike 1-1: Ball 2-1: Called Strike 2-2: Strikes out swinging
|
Bottom of the 1st over - 4 run(s), 5 hit(s), 0 error(s), 1 left on base; Kentucky 0 - Arizona 4 |
TOP OF THE 2ND |
Kentucky Wildcats batting - Pitching for Arizona Wildcats : RHP Jim Smith
|
Batting: RHB Joseph Leach
|
0-0: Ball 1-0: Ball 2-0: Called Strike 2-1: Called Strike 2-2: Ball 3-2: Base on Balls
|
Batting: LHB Matt Taylor
|
0-0: Called Strike 0-1: Foul Ball, location: 2F 0-2: Strikes out looking
|
Batting: RHB Pat Johnston
|
0-0: Ball 1-0: Called Strike 1-1: Swinging Strike 1-2: Fly out, F9 (Flyball, 9)
|
Batting: SHB Eduardo Luna
|
0-0: Called Strike Joseph Leach steals 2nd base 0-1: Ball 1-1: Ball 2-1: Ball 3-1: SINGLE (Flyball, 9S) Joseph Leach to third Runner from 3rd tries for Home, SAFE, no throw
|
Batting: SHB Russ Beasley
|
0-0: Foul Ball, location: 2F 0-1: Ball 1-1: Hit by Pitch Eduardo Luna to second
|
Batting: RHB Lewis Childress
|
0-0: Called Strike 0-1: Fly out, F7 (Flyball, 78M)
|
Top of the 2nd over - 1 run(s), 1 hit(s), 0 error(s), 2 left on base; Kentucky 1 - Arizona 4 |
BOTTOM OF THE 2ND |
Arizona Wildcats batting - Pitching for Kentucky Wildcats : RHP William Lockhard
|
Batting: RHB Maurice Long
|
0-0: Ball 1-0: Ball 2-0: Ball 3-0: Called Strike 3-1: Swinging Strike 3-2: Ground out 5-3 (Groundball, 56)
|
Batting: RHB Jesús Ortíz
|
0-0: Ball 1-0: Called Strike 1-1: Called Strike 1-2: Fly out, F7 (Flyball, 78S)
|
Batting: RHB Donald Fenner
|
0-0: Fly out, F7 (Flyball, 7S)
|
Bottom of the 2nd over - 0 run(s), 0 hit(s), 0 error(s), 0 left on base; Kentucky 1 - Arizona 4 |
TOP OF THE 3RD |
Kentucky Wildcats batting - Pitching for Arizona Wildcats : RHP Jim Smith
|
Batting: SHB Steve Shaw
|
0-0: Foul Ball, location: 2F 0-1: Foul Ball, location: 2F 0-2: Ball 1-2: Strikes out swinging
|
Batting: LHB César Rodríguez
|
0-0: Ball 1-0: Called Strike 1-1: Ball 2-1: Called Strike 2-2: SINGLE (Groundball, 56D)
|
Batting: LHB Mark Sanders
|
0-0: Ball 1-0: Ball 2-0: Ball 3-0: Base on Balls César Rodríguez to second
|
Batting: RHB Joseph Leach
|
0-0: Ball 1-0: Grounds into double play, 6-4-3 (Groundball, 6)
|
Top of the 3rd over - 0 run(s), 1 hit(s), 0 error(s), 1 left on base; Kentucky 1 - Arizona 4 |
BOTTOM OF THE 3RD |
Arizona Wildcats batting - Pitching for Kentucky Wildcats : RHP William Lockhard
|
Batting: RHB Arnold Flint
|
0-0: Called Strike 0-1: Foul Ball, location: 2F 0-2: Ball 1-2: Foul Ball, location: 2F 1-2: Ball 2-2: Fly out, F9 (Flyball, 9)
|
Batting: RHB Jake Lawrence
|
0-0: Ball 1-0: Ground out 6-3 (Groundball, 6)
|
Batting: RHB Jon Hartley
|
0-0: Ball 1-0: Swinging Strike 1-1: Ball 2-1: Ball 3-1: Base on Balls
|
Batting: RHB Juan Navarro
|
0-0: Fielders Choice at 2nd, 6-4 (Groundball, 6)
|
Bottom of the 3rd over - 0 run(s), 0 hit(s), 0 error(s), 0 left on base; Kentucky 1 - Arizona 4 |
TOP OF THE 4TH |
Kentucky Wildcats batting - Pitching for Arizona Wildcats : RHP Jim Smith
|
Batting: LHB Matt Taylor
|
0-0: Called Strike 0-1: Ball 1-1: Foul Ball, location: 2F 1-2: Strikes out swinging
|
Batting: RHB Pat Johnston
|
0-0: Swinging Strike 0-1: SINGLE (Groundball, 56D)
|
Batting: SHB Eduardo Luna
|
0-0: Foul Ball, location: 2F 0-1: Ball 1-1: Ball 2-1: DOUBLE (Groundball, 3L) Pat Johnston to third
|
Batting: SHB Russ Beasley
|
0-0: Called Strike 0-1: Foul Ball, location: 2F 0-2: Ball 1-2: Ball 2-2: Ball 3-2: Strikes out swinging
|
Batting: RHB Lewis Childress
|
0-0: Ball 1-0: Ball 2-0: Foul Ball, location: 2F 2-1: Swinging Strike 2-2: Strikes out swinging
|
Top of the 4th over - 0 run(s), 2 hit(s), 0 error(s), 2 left on base; Kentucky 1 - Arizona 4 |
BOTTOM OF THE 4TH |
Arizona Wildcats batting - Pitching for Kentucky Wildcats : RHP William Lockhard
|
Batting: RHB Lúcio Pagán
|
0-0: Ball 1-0: Called Strike 1-1: Called Strike 1-2: SINGLE (Groundball, 6MD)
|
Batting: RHB Dean Oglethorpe
|
0-0: Ball 1-0: Called Strike 1-1: Foul Ball, location: 2F 1-2: Fly out, F9 (Line Drive, 9)
|
Batting: RHB Maurice Long
|
0-0: Foul Ball, location: 2F 0-1: Foul Ball, location: 2F 0-2: Ball 1-2: Strikes out looking
|
Pitching: RHP Bryant Hatcher
|
|
Batting: RHB Jesús Ortíz
|
0-0: Ball 1-0: Foul Ball, location: 2F 1-1: Ball 2-1: Called Strike 2-2: Foul Ball, location: 2F 2-2: Ball 3-2: Fly out, F9 (Flyball, 9LMF)
|
Bottom of the 4th over - 0 run(s), 1 hit(s), 0 error(s), 1 left on base; Kentucky 1 - Arizona 4 |
TOP OF THE 5TH |
Kentucky Wildcats batting - Pitching for Arizona Wildcats : RHP Jim Smith
|
Batting: SHB Steve Shaw
|
0-0: Ball 1-0: SINGLE (Groundball, 3D)
|
Pitching: LHP Léo Dubeau
|
|
Batting: LHB César Rodríguez
|
0-0: Ball 1-0: SINGLE (Groundball, 4MD) Steve Shaw to second
|
Batting: LHB Mark Sanders
|
0-0: Called Strike 0-1: Foul Ball, location: 2F 0-2: Ball 1-2: Ball 2-2: Strikes out swinging
|
Batting: RHB Joseph Leach
|
0-0: Called Strike 0-1: Ball 1-1: Fly out, F8 (Flyball, 8RS)
|
Batting: LHB Matt Taylor
|
0-0: Ground out U3 (Groundball, 3L)
|
Top of the 5th over - 0 run(s), 2 hit(s), 0 error(s), 2 left on base; Kentucky 1 - Arizona 4 |
BOTTOM OF THE 5TH |
Arizona Wildcats batting - Pitching for Kentucky Wildcats : RHP Bryant Hatcher
|
Batting: RHB Donald Fenner
|
0-0: Ball 1-0: Foul Ball, location: 2F 1-1: Ball 2-1: Called Strike 2-2: Ball 3-2: Foul Ball, location: 2F 3-2: Base on Balls
|
Batting: RHB Arnold Flint
|
0-0: Ball 1-0: Swinging Strike 1-1: Fielders Choice at 2nd, 1-4 (Groundball, 15S)
|
Batting: RHB Jake Lawrence
|
0-0: Grounds into double play, 6-4-3 (Groundball, 6)
|
Bottom of the 5th over - 0 run(s), 0 hit(s), 0 error(s), 0 left on base; Kentucky 1 - Arizona 4 |
TOP OF THE 6TH |
Kentucky Wildcats batting - Pitching for Arizona Wildcats : LHP Léo Dubeau
|
Batting: RHB Pat Johnston
|
0-0: Swinging Strike 0-1: Ball 1-1: Ball 2-1: Fly out, F9 (Flyball, 9S)
|
Batting: SHB Eduardo Luna
|
0-0: Ball 1-0: Ball 2-0: Swinging Strike 2-1: SINGLE (Groundball, 34D)
|
Batting: SHB Russ Beasley
|
0-0: Ball 1-0: Ball 2-0: Ball 3-0: Base on Balls Eduardo Luna to second
|
Batting: RHB Lewis Childress
|
0-0: Swinging Strike 0-1: Ball 1-1: Ball 2-1: Ball 3-1: Base on Balls Eduardo Luna to third Russ Beasley to second
|
Batting: SHB Steve Shaw
|
0-0: Called Strike 0-1: Foul Ball, location: 2F 0-2: Ball 1-2: Foul Ball, location: 2F 1-2: Strikes out swinging
|
Batting: LHB César Rodríguez
|
0-0: Called Strike 0-1: Ball 1-1: Foul Ball, location: 2F 1-2: Ball 2-2: Ball 3-2: Foul Ball, location: 2F 3-2: Fly out, F8 (Line Drive, 8LM)
|
Top of the 6th over - 0 run(s), 1 hit(s), 0 error(s), 3 left on base; Kentucky 1 - Arizona 4 |
BOTTOM OF THE 6TH |
Arizona Wildcats batting - Pitching for Kentucky Wildcats : RHP Bryant Hatcher
|
Batting: RHB Jon Hartley
|
0-0: Foul Ball, location: 2F 0-1: Ball 1-1: SOLO HOME RUN (Flyball, 9D), Distance : 354 ft
|
Batting: RHB Juan Navarro
|
0-0: Called Strike 0-1: SINGLE (Groundball, 56D)
|
Batting: RHB Lúcio Pagán
|
0-0: Ball 1-0: Ball 2-0: Ball 3-0: Foul Ball, location: 2F 3-1: Base on Balls Juan Navarro to second
|
Batting: RHB Dean Oglethorpe
|
0-0: Swinging Strike 0-1: Swinging Strike 0-2: Ball 1-2: Foul Ball, location: 2F 1-2: Strikes out swinging
|
Batting: RHB Maurice Long
|
0-0: Ball 1-0: Swinging Strike 1-1: Foul Ball, location: 2F 1-2: Fly out, F6 (Popup, 6D)
|
Batting: RHB Jesús Ortíz
|
0-0: Foul Ball, location: 2F 0-1: Called Strike 0-2: Strikes out swinging
|
Bottom of the 6th over - 1 run(s), 2 hit(s), 0 error(s), 2 left on base; Kentucky 1 - Arizona 5 |
TOP OF THE 7TH |
Kentucky Wildcats batting - Pitching for Arizona Wildcats : LHP Léo Dubeau
|
Batting: LHB Mark Sanders
|
0-0: Ball 1-0: Ground out 1-3 (Groundball, 13S)
|
Batting: RHB Joseph Leach
|
0-0: Ball 1-0: Ball 2-0: Ball 3-0: Base on Balls
|
Batting: LHB Matt Taylor
|
0-0: Ball 1-0: Ball 2-0: Ball 3-0: Called Strike 3-1: Base on Balls Joseph Leach to second
|
Pitching: RHP Wilson Flores
|
|
Batting: RHB Pat Johnston
|
0-0: Called Strike 0-1: Ball 1-1: Foul Ball, location: 2F 1-2: Fly out, F5 (Popup, 5S)
|
Batting: SHB Eduardo Luna
|
0-0: Hit by Pitch Joseph Leach to third Matt Taylor to second
|
Batting: SHB Russ Beasley
|
0-0: Called Strike 0-1: Swinging Strike 0-2: Ball 1-2: Ball 2-2: Strikes out swinging
|
Top of the 7th over - 0 run(s), 0 hit(s), 0 error(s), 3 left on base; Kentucky 1 - Arizona 5 |
BOTTOM OF THE 7TH |
Arizona Wildcats batting - Pitching for Kentucky Wildcats : RHP Bryant Hatcher
|
Batting: RHB Donald Fenner
|
0-0: Ball 1-0: Foul Ball, location: 2F 1-1: Called Strike 1-2: SINGLE (Groundball, 6MD)
|
Batting: RHB Arnold Flint
|
0-0: Ball 1-0: Ball 2-0: Ball 3-0: Called Strike 3-1: Foul Ball, location: 2F 3-2: Base on Balls Donald Fenner to second
|
Pitching: RHP Jack Davis
|
|
Batting: RHB Jake Lawrence
|
0-0: Foul Ball, location: 2F 0-1: Fly out, F7 (Flyball, 7S)
|
Batting: RHB Jon Hartley
|
0-0: Fly out, F9 (Line Drive, 9) Runner from 2nd tags up, SAFE at 3rd with throw
|
Batting: RHB Juan Navarro
|
0-0: Foul Ball, location: 2F 0-1: Swinging Strike 0-2: Strikes out looking
|
Bottom of the 7th over - 0 run(s), 1 hit(s), 0 error(s), 2 left on base; Kentucky 1 - Arizona 5 |
TOP OF THE 8TH |
Kentucky Wildcats batting - Pitching for Arizona Wildcats : RHP Wilson Flores
|
Batting: RHB Lewis Childress
|
0-0: Ball 1-0: Called Strike 1-1: SINGLE (Groundball, 6MD)
|
Batting: SHB Steve Shaw
|
0-0: Ball 1-0: Ball 2-0: Called Strike 2-1: Foul Ball, location: 2F 2-2: Ball 3-2: Foul Ball, location: 2F 3-2: Fly out, F9 (Flyball, 9LM)
|
Batting: LHB César Rodríguez
|
0-0: Ball 1-0: Ball 2-0: Ball 3-0: Base on Balls Lewis Childress to second
|
Pitching: LHP Shawn Evans
|
|
Batting: LHB Mark Sanders
|
0-0: Called Strike 0-1: Ball 1-1: Hit by Pitch Lewis Childress to third César Rodríguez to second
|
Pitching: RHP Markus Love
|
|
Batting: RHB Joseph Leach
|
0-0: Ball 1-0: Called Strike 1-1: Swinging Strike 1-2: Strikes out looking
|
Pitching: LHP John Cummings
|
|
Batting: LHB Matt Taylor
|
0-0: Ball 1-0: Called Strike 1-1: Foul Ball, location: 2F 1-2: SINGLE (Flyball, 6MD) Lewis Childress scores César Rodríguez to third Mark Sanders to second Runner from 3rd tries for Home, SAFE, no throw
|
Pitching: RHP Cedric Shaw
|
|
Batting: RHB Pat Johnston
|
0-0: Ball 1-0: Ball 2-0: Foul Ball, location: 2F 2-1: Foul Ball, location: 2F 2-2: Ground out 4-3 (Groundball, 4M)
|
Top of the 8th over - 2 run(s), 2 hit(s), 0 error(s), 2 left on base; Kentucky 3 - Arizona 5 |
BOTTOM OF THE 8TH |
Arizona Wildcats batting - Pitching for Kentucky Wildcats : RHP Jack Davis
|
Batting: RHB Lúcio Pagán
|
0-0: Ball 1-0: Fly out, F7 (Flyball, 78S)
|
Batting: RHB Dean Oglethorpe
|
0-0: Ground out 6-3 (Groundball, 6)
|
Batting: RHB Maurice Long
|
0-0: Ground out 5-3 (Groundball, 56)
|
Bottom of the 8th over - 0 run(s), 0 hit(s), 0 error(s), 0 left on base; Kentucky 3 - Arizona 5 |
TOP OF THE 9TH |
Kentucky Wildcats batting - Pitching for Arizona Wildcats : RHP Cedric Shaw
|
Pitching: LHP Aaron Blankenship
|
|
Batting: SHB Eduardo Luna
|
0-0: Called Strike 0-1: Ball 1-1: Foul Ball, location: 2F 1-2: SOLO HOME RUN (Flyball, 7D), Distance : 358 ft
|
Batting: SHB Russ Beasley
|
0-0: Fly out, F9 (Line Drive, 9)
|
Batting: RHB Lewis Childress
|
0-0: Fly out, F9 (Flyball, 9S)
|
Batting: SHB Steve Shaw
|
0-0: Ball 1-0: Foul Ball, location: 2F 1-1: Ball 2-1: Swinging Strike 2-2: Fly out, F9 (Flyball, 89D)
|
Top of the 9th over - 1 run(s), 1 hit(s), 0 error(s), 0 left on base; Kentucky 4 - Arizona 5 |
|